 Dungeon Crawl Stone Soup version 0.21-a0-630-g344d351 (webtiles) character file.

9 slep the Slasher (level 2, -1/26 HPs)
             Began as a Naga Gladiator on Dec 27, 2017.
             Slain by a rat (2 damage)
             ... on level 1 of the Dungeon.
             The game lasted 00:00:56 (155 turns).

slep the Slasher (Naga Gladiator)                    Turns: 155, Time: 00:00:57

Health: -1/26      AC:  3    Str: 16    XL:     2   Next: 16%
Magic:  2/2        EV: 10    Int:  8    God:
Gold:   0          SH:  0    Dex: 12    Spells: 1/1 levels left

rFire    . . .     SeeInvis +   a - +0 long sword
rCold    . . .     Gourm    .   (no shield)
rNeg     . . .     Faith    .   b - +0 leather armour
rPois    +         Spirit   .   c - +0 helmet
rElec    .         Reflect  .   (no cloak)
rCorr    .         Harm     .   (no gloves)
MR       .....                  (no barding)
Stlth    +.........             (no amulet)
HPRegen  0.08/turn              (no ring)
MPRegen  0.08/turn              (no ring)

@: very slow
A: large, see invisible, deformed body, poison resistance, slowness 2, slow
metabolism 1, spit poison 1, AC +0
a: Spit Poison


You were on level 1 of the Dungeon.
You were not hungry.

You visited 1 branch of the dungeon, and saw 1 of its levels.

Inventory:

Hand Weapons
 a - a +0 long sword (weapon)
Missiles
 d - 3 throwing nets (quivered)
Armour
 b - a +0 leather armour (worn)
 c - a +0 helmet (worn)
Scrolls
 i - a scroll of identify {unknown}
 j - a scroll of teleportation {unknown}
Potions
 e - a potion of curing {unknown}
 g - a potion of berserk rage {unknown}
 h - a potion of cancellation {unknown}
 k - a potion of degeneration {unknown}
Comestibles
 f - a ration


   Skills:
 + Level 2.1 Fighting
 + Level 3.1 Long Blades
 + Level 2.0 Throwing
 + Level 2.6 Dodging


You had one spell level left.
You didn't know any spells.

Dungeon Overview and Level Annotations

Branches:
Dungeon (1/15)

Altars:


Innate Abilities, Weirdness & Mutations

You cannot wear boots.
Your serpentine skin is tough. (AC +0)
You have supernaturally acute eyesight. (SInv)
Armour fits poorly on your strangely shaped body.
Your system is resistant to poisons. (rPois)
You cover ground very slowly.
You have a slow metabolism.
You can spit poison.


Message History

The jackal bites you.
* * * LOW HITPOINT WARNING * * *
The jackal bites you but does no damage.
You hit the jackal but do no damage.
The jackal is severely wounded.
The jackal barely misses you. The jackal closely misses you.
You riposte.
You hit the jackal.
You kill the jackal!
Your Throwing skill increases to level 2!
The jackal bites you.
* * * LOW HITPOINT WARNING * * *
The rat bites you but does no damage. The jackal bites you.
* * * LOW HITPOINT WARNING * * *
The rat misses you.
You see here a jackal corpse.
You closely miss the rat. The jackal barely misses you.
You riposte.
You slash the jackal!
You kill the jackal!
The rat bites you.
You die...

....†......+.........'.......#
#.#.†....###.........####...##
#.#.##.#.# ##.......## #..##
#.#.####.# ##.....## #.##
#.#.####.# ##...## #.#
#........# ##'## #.#
###.###### #.# #.# # #.# #.#
.# ... #@# .....
#......r.....# ..)....
#.........#..# ........
....#..!.## .. .......###.#
#.#.## # ..#.# ####.. #.#


You could see a rat.

Vanquished Creatures
  A giant cockroach (D:1)
  A hobgoblin (D:1)
  3 jackals (D:1)
  A kobold (D:1)
  2 rats (D:1)
8 creatures vanquished.

Notes
Turn   | Place    | Note
-------+----------+-------------------------------------------
     0 | D:1      | slep the Naga Gladiator began the quest for the Orb.
     0 | D:1      | Reached XP level 1. HP: 19/19 MP: 1/1
   150 | D:1      | Reached XP level 2. HP: 7/26 MP: 2/2
   154 | D:1      | HP: 1/26 [jackal (1)]
   155 | D:1      | Slain by a rat

Vault maps used:
D:1:      ncdulo_watergridlock, minivault_14, corexii_leaking_fountain

Skill      XL: |  1  2 |
---------------+-------+-----
Throwing       | 2 |  2.0
Fighting       | |  2.1
Long Blades    | |  3.1
Dodging        | |  2.6

Action                   || total
-------------------------++-------
Melee: Long sword        ||    21
Armor: Leather armour    ||     6
Dodge: Dodged            ||    14
       Rpst.: Long sword ||     3

Table legend:
 A = Spawn XP
 B = Non-spawn XP
 C = Spawn XP percentage of total XP
 D = Spawn monster count
 E = Non-spawn monster count
 F = Spawn count percentage of total count
 G = Total turns spent on level
                    A         B        C        D         E        F      G
               +---------+---------+-------+---------+---------+-------+---------
         Total |       0 |      14 |   0.0 |       0 |       8 |   0.0 |   155
               +---------+---------+-------+---------+---------+-------+---------
           D:1 |       0 |      14 |   0.0 |       0 |       8 |   0.0 |   155
               +---------+---------+-------+---------+---------+-------+---------
